 Dungeon Crawl Stone Soup version 0.28-a0-589-g333b8329f1 (webtiles) character file.

Game seed: 13454026810477058240

2 lawman0 the Vexing (level 1, 0/11 HPs)
             Began as a Deep Elf Arcane Marksman on Oct 4, 2021.
             Frozen to death by an endoplasm (5 damage)
             ... on level 1 of the Dungeon.
             The game lasted 00:00:28 (40 turns).

lawman0 the Vexing (Deep Elf Arcane Marksman)         Turns: 40, Time: 00:00:29

Health: 0/11       AC:  2    Str:  7    XL:     1   Next: 33%
Magic:  5/5        EV: 12    Int: 17    God:
Gold:   0          SH:  0    Dex: 15    Spells: 3/3 levels left

rFire   . . .      SeeInvis .   b - +2 dagger (vamp)
rCold   . . .      Faith    .   (no shield)
rNeg    . . .      Spirit   .   d - +0 robe
rPois   .          Reflect  .   (no helmet)
rElec   .          Harm     .   (no cloak)
rCorr   .          Rampage  .   (no gloves)
Will    .....                   (no boots)
Stlth   +.........              (no amulet)
HPRegen 0.03/turn               (no ring)
MPRegen 0.09/turn               (no ring)

@: no status effects
A: no striking features
a: no special abilities


You were on level 1 of the Dungeon.
You visited 1 branch of the dungeon, and saw 1 of its levels.

Inventory:

Hand Weapons
 a - a +0 shortbow
 b - a +2 vampiric dagger (weapon)
Missiles
 c - 16 arrows
Armour
 d - a +0 robe (worn)


   Skills:
 + Level 0.7 Fighting
 * Level 2.6 Bows
 + Level 2.4 Dodging
 + Level 1.5 Spellcasting
 * Level 4.2 Hexes


You had 3 spell levels left.
You didn't know any spells.
Your spell library contained the following spells:

 Spells                   Type           Power      Damage    Failure   Level
 Slow                     Hex            15%        N/A       5%          2
 Inner Flame              Hex/Fire       8%         N/A       26%         3
 Portal Projectile        Hex/Tloc       16%        N/A       26%         3
 Cause Fear               Hex            7%         N/A       34%         4


Dungeon Overview and Level Annotations

Branches:
Dungeon (1/15)

Altars:


Message History

You kill the frilled lizard!
The ball python bites you. The ball python closely misses you.
You shoot an arrow. The arrow hits the ball python.
You kill the ball python!
No target in view!
No target in view!
c - 15 arrows (gained 2)
Things that are here:
a +2 vampiric dagger; a frilled lizard corpse
c - 16 arrows (gained 1)
Things that are here:
a +2 vampiric dagger; a frilled lizard corpse
b - a +2 vampiric dagger You feel a sense of dread.
b - a +2 vampiric dagger (weapon)
An endoplasm comes into view.
A giant cockroach comes into view.
The giant cockroach moves out of view.
You see here a frilled lizard corpse.
You see here a ball python corpse.
You hit the giant cockroach but do no damage.
The giant cockroach barely misses you.
You barely miss the giant cockroach. The giant cockroach barely misses you.
The endoplasm barely misses you.
You hit the giant cockroach but do no damage.
The giant cockroach barely misses you. The endoplasm barely misses you.
You closely miss the giant cockroach.
The giant cockroach bites you but does no damage.
The endoplasm freezes you.
You are frozen.
You closely miss the giant cockroach. The giant cockroach closely misses you.
The endoplasm freezes you.
You are frozen.
The giant cockroach bites you.
You see here a frilled lizard corpse.
You hit the endoplasm.
The endoplasm is heavily wounded.
The giant cockroach bites you. The endoplasm freezes you.
You are frozen.
You die...

#.# .. #.## #.# #((##..#
#..#..# ##......
#.(...###♣...P..♣. #
#.#.......♣P...PP. #..
#...###..♣.P..P... #...#
#..# #............
......##@####.♣.♣..P.P...
#?.BJ........P.....P.
#..........#.............
##.####..####...P...<...P
...........P.........
#..######....P.....P.
...# #......P.P... ...#
...P..♣....... ..#
....P......♣.P.


You could see an endoplasm and a giant cockroach.

Vanquished Creatures
  A ball python (D:1)
  A frilled lizard (D:1)
  A goblin (D:1)
3 creatures vanquished.

Notes
Turn   | Place    | Note
-------+----------+-------------------------------------------
     0 | D:1      | lawman0 the Deep Elf Arcane Marksman began the quest for
                  | the Orb.
     0 | D:1      | Reached XP level 1. HP: 11/11 MP: 5/5
    40 | D:1      | Frozen to death by an endoplasm

Illustrated notes

Levels and vault maps discovered:
D:1:      wander_arrival_fairy_ring, layout_rooms,
          shapermc_ecumenical_altar_acropolis, minmay_unequal

Action                   || total
-------------------------++-------
Melee: Dagger            ||     6
 Fire: Shortbow          ||     7
Armor: Robe              ||     1
Dodge: Dodged            ||     7

Table legend: (Time is in decaauts)
 A = Elapsed time spent in this place.
 B = Non-inter-level travel time spent in this place.
 C = Inter-level travel time spent in this place.
 D = Time resting spent in this place.
 E = Time spent auto-exploring this place.
 F = Levels seen in this place.
 G = Mean time per level.
                   A        B        C        D        E       F      G
               +--------+--------+--------+--------+--------+-----+--------+
         Total |     40 |     40 |      0 |      0 |      0 |   1 |   40.0 |
       Dungeon |     40 |     40 |      0 |      0 |      0 |   1 |   40.0 |
               +--------+--------+--------+--------+--------+-----+--------+

Top non-repeatable levels by time:
     D:1: 40 daAuts
